 Dungeon Crawl Stone Soup version 0.18-a0-1238-g8adb878 (webtiles) character file.

224 Ghalim the Skirmisher (level 6, -2/40 HPs)
             Began as a Gargoyle Fighter on Feb 5, 2016.
             Slain by an orc wizard
             ... wielding a +0 dagger
              (3 damage)
             ... on level 3 of the Dungeon.
             The game lasted 00:03:55 (2339 turns).

Ghalim the Skirmisher (Gargoyle Fighter)            Turns: 2339, Time: 00:03:55

Health: -2/40      AC: 11    Str: 26    XL:     6   Next: 0%
Magic:  6/6        EV:  7    Int:  9    God:
Gold:   134        SH:  9    Dex:  9    Spells: 0 memorised, 5 levels left

rFire  . . .     SeeInvis .     a - +0 flail
rCold  . . .     Gourm    .     b - +0 scale mail
rNeg   + . .     Faith    .     c - +0 shield
rPois  ∞         Spirit   .     (no helmet)
rElec  +         Dismiss  .     (no cloak)
rCorr  .         Reflect  .     (no gloves)
SustAt .         Harm     .     (no boots)
MR     .....                    (no amulet)
Stlth  ..........               (no ring)
                                (no ring)

@: mighty, not resistant to hostile enchantments, extremely unstealthy
A: negative energy resistance 1, electricity resistance, unbreathing,
petrification resistance, rot immunity, AC +4
a: no special abilities


You were on level 3 of the Dungeon.
You were hungry.

You visited 1 branch of the dungeon, and saw 3 of its levels.

You collected 134 gold pieces.

Inventory:

Hand Weapons
 a - a +0 flail (weapon)
Armour
 b - a +0 scale mail (worn)
 c - a +0 shield (worn)
 j - a +0 plate armour
Wands
 l - a wand of disintegration (17/24)
 s - a wand of disintegration (5/24)
Scrolls
 e - a scroll of amnesia {unknown}
 g - 3 scrolls of identify {unknown}
 h - 2 scrolls of remove curse {unknown}
 i - a scroll of noise {unknown}
 k - a scroll of enchant weapon {unknown}
 q - a scroll of magic mapping {unknown}
Potions
 d - a potion of might
 n - 4 potions of brilliance {unknown}
 o - a potion of curing {unknown}
 p - 2 potions of lignification {unknown}
 r - 2 potions of flight {unknown}
 t - a potion of heal wounds {unknown}
Comestibles
 f - a bread ration
 m - 2 meat rations
 u - 3 chunks of flesh


   Skills:
 + Level 5.0 Fighting
 * Level 4.9 Maces & Flails
 - Level 3.2 Armour
 - Level 3.2 Shields


You had 5 spell levels left.
You didn't know any spells.

Dungeon Overview and Level Annotations

Branches:
Dungeon (3/15)

Altars:


Innate Abilities, Weirdness & Mutations

You are resistant to torment.
Your stone body is resilient (AC +4).
You are immune to poison.
You resist negative energy.
You are resistant to electric shocks.
You can survive without breathing.
You are immune to petrification.
You are immune to rotting.


Message History

You hit the orc wizard.
The orc wizard is lightly wounded.
You block the orc's attack.
The orc wizard hits you but does no damage. x2
The giant newt hisses menacingly.
You sock the orc wizard!
You kill the orc wizard!
Your Fighting skill increases to level 5!
You have reached level 6!
Your experience leads to an increase in your attributes!
Your base attributes are Str 20, Int 9, Dex 9.
Increase (S)trength, (I)ntelligence, or (D)exterity?
You feel stronger. You block the orc's attack.
The orc wizard points at you and mumbles some strange words.
The magic dart hits you!
* * * LOW HITPOINT WARNING * * *
You closely miss the orc wizard. The orc barely misses you.
The orc wizard hits you with a dagger.
You die...

#....
#....
#....
##..###
#.....#
#.###.###
#. #ol.#
#.###o#.#
#..)@o#.#
##.####.#
#.# .#
#.# .#
#.# .#
#.# .# .
#.# # #.#
# #.# #


You could see an orc wizard, 2 orcs and a giant newt.

Vanquished Creatures
  An orc priest (D:3)
  2 orc wizards (D:3)
  4 adders
  An ooze (D:1)
  7 worms
  A giant gecko (D:2)
  2 orcs (D:3)
  A giant cockroach (D:2)
  12 goblins
  9 hobgoblins
  6 jackals (D:1)
  5 quokkas
  8 bats
  2 giant newts (D:1)
  7 kobolds
  7 rats
75 creatures vanquished.

Notes
Turn   | Place    | Note
--------------------------------------------------------------
     0 | D:1      | Ghalim the Gargoyle Fighter began the quest for the Orb.
     0 | D:1      | Reached XP level 1. HP: 14/14 MP: 1/1
   220 | D:1      | Reached XP level 2. HP: 14/19 MP: 2/2
   371 | D:1      | Reached XP level 3. HP: 19/24 MP: 3/3
   451 | D:1      | Reached skill level 4 in Fighting
  1039 | D:2      | Reached XP level 4. HP: 24/29 MP: 4/4
  1862 | D:3      | Reached XP level 5. HP: 30/34 MP: 5/5
  2338 | D:3      | Reached skill level 5 in Fighting
  2338 | D:3      | Reached XP level 6. HP: 5/40 MP: 6/6
  2338 | D:3      | HP: 1/40 [orc wizard/magic dart (4)]
  2339 | D:3      | Slain by an orc wizard

Vault maps used:
D:1:      minmay_arrival_diagonal_passages
D:2:      minmay_misc_feat_tiny

Action                   |  1- 3 |  4- 6 || total
-------------------------+-------+-------++-------
Melee: Flail             |   186 |   170 ||   356
  Use: Potion            |       |     1 ||     1
  Eat: Chunk             |     1 |     4 ||     5
